 Dungeon Crawl Stone Soup version 0.28-a0-1033-g1a2f33fa85 (console) character file.

Game seed: 3736640413154392788

122950 jejorda2 the Phalangite (level 16, -5/129 HPs)
             Began as a Merfolk Berserker on Dec 7, 2021.
             Was the Champion of Trog.
             Slain by a merfolk (10 damage)
             ... on level 1 of the Shoals.
             The game lasted 01:01:34 (28227 turns).

jejorda2 the Phalangite (Merfolk Berserker)        Turns: 28227, Time: 01:01:34

Health: -5/129     AC: 26    Str: 30    XL:     16   Next: 89%
Magic:  16/16      EV:  8    Int: 11    God:    Trog [******]
Gold:   2008       SH:  0    Dex: 13    Spells: 15/15 levels left

rFire   + . .      SeeInvis +   a - +12 bardiche {venom, rCorr Int+3}
rCold   . . .      Faith    .   (shield currently unavailable)
rNeg    . . .      Spirit   .   H - +4 scale mail of the Viny Jabberwock {+Blink rElec}
rPois   +          Reflect  .   d - +2 helmet {SInv}
rElec   +          Harm     .   P - +2 cloak {rF+}
rCorr   +          Rampage  ∞   s - +0 pair of gloves
Will    +....                   W - +3 pair of seven-league boots {Rampage+∞}
Stlth   ..........              (no amulet)
HPRegen 0.31/turn               x - ring of poison resistance
MPRegen 0.15/turn               F - +6 ring of strength

@: lit by a corona, mesmerised, held, glowing, studying Polearms
A: (nimble swimmer 2), mertail
a: Renounce Religion, Evoke Blink, Berserk, Trog's Hand, Brothers in Arms


You were on level 1 of the Shoals.
You worshipped Trog.
Trog was exalted by your worship.
You visited 4 branches of the dungeon, and saw 24 of its levels.
You also visited: Sewer, Gauntlet and Volcano.

You collected 3331 gold pieces.
You spent 1323 gold pieces at shops.

Inventory:

Hand Weapons
 a - the +12 bardiche of Harmony (weapon) {venom, rCorr Int+3}
   (You acquired it on level 4 of the Dungeon)

   It poisons the flesh of those it strikes.
   Int:       It affects your intelligence (+3).
   rCorr:     It protects you from acid and corrosion.
 b - a +2 bardiche of flaming
 Q - a +2 antimagic halberd
Missiles
 e - 37 poisoned darts (quivered)
 f - 595 stones
 p - 4 throwing nets
 B - 9 curare-tipped darts
 G - 2 boomerangs
 M - 7 boomerangs of dispersal
 Y - 10 javelins
Armour
 d - a +2 helmet of see invisible (worn)
 s - a +0 pair of gloves (worn)
 H - the +4 scale mail of the Viny Jabberwock (worn) {+Blink rElec}
   (You found it on level 9 of the Dungeon)

   rElec:     It insulates you from electricity.
   +Blink:    It lets you blink.
 P - a +2 cloak of fire resistance (worn)
 W - the +3 pair of seven-league boots (worn) {Rampage+∞}
   (You found it in a Gauntlet)

   Its wearer moves as far as possible in that direction when moving towards
   enemies.
Jewellery
 x - a ring of poison resistance (left hand)
 C - a ring of flight
 F - a +6 ring of strength (right hand)
 T - a ring of ice
Wands
 q - a wand of polymorph (8)
 v - a wand of mindburst (6)
 y - a wand of charming (14)
 D - a wand of acid (21)
 E - a wand of iceblast (12)
 J - a wand of flame (47)
 L - a wand of digging (12)
Scrolls
 h - 7 scrolls of magic mapping
 j - 10 scrolls of teleportation
 k - 5 scrolls of blinking
 r - 2 scrolls of fog
 w - a scroll of silence
 S - a scroll of summoning
Potions
 c - 4 potions of haste
 g - 2 potions of flight
 i - a potion of resistance {unknown}
 l - a potion of might
 m - 4 potions of cancellation
 n - 10 potions of curing
 o - 5 potions of heal wounds
 t - 2 potions of lignification
 u - a potion of berserk rage
 I - a potion of invisibility
 K - a potion of ambrosia
 N - 2 potions of mutation
Miscellaneous
 A - a lightning rod (4/4)
 R - a tin of tremorstones (2/2)


   Skills:
 + Level 12.8 Fighting
 - Level 24.0 Polearms
 * Level 13.1 Throwing
 * Level 11.8 Armour
 - Level 13.4 Dodging
 - Level 9.0 Evocations


You had 15 spell levels left.
You didn't know any spells.
Your spell library was empty.

Dungeon Overview and Level Annotations

Branches:
Dungeon (15/15)            Temple (0/1) D:7            Lair (6/6) D:10
 Shoals (1/4) Lair:4        Snake (0/4) Lair:3        Slime (0/5) Lair:6
    Orc (2/2) D:10            Elf (0/3) Orc:2        Vaults (0/5) D:13
 Depths (0/4) D:15          Sewer (visited)         Volcano (visited)
Gauntlet (visited)

Altars:
Cheibriados
Hepliaklqana
Qazlal
Beogh

Shops:
D:3 (?:?(   D:6 :   D:8 ([(:   Orc:2 =*([

Annotations:
Orc:1 3 runed translucent doors, KennySheep's ghost, journeyman DEEE


Innate Abilities, Weirdness & Mutations

((You are quick and stealthy near water. (Stealth+, EV+, Speed+++)))
Your lower body shifts to a powerful aquatic tail in water.


Message History

You hit the harpy.
The harpy is heavily wounded.
You hear a screech!
The merfolk siren hits you from afar with a +0 trident!
The merfolk hits you from afar with a +0 trident.
The merfolk completely misses you. The merfolk misses you.
The harpy misses you. The harpy claws you but does no damage.
The faun shoots a stone.
The stone closely misses you.
A satyr comes into view. It is wielding a +0 club.
You slash the harpy!
The harpy is almost dead.
The harpy claws you but does no damage. The harpy closely misses you.
The merfolk siren barely misses you.
The merfolk throws a throwing net.
The throwing net hits you.
You become entangled in the net!
The merfolk closely misses you.
The merfolk hits you but does no damage.
You tear a large gash into the net.
The faun shoots a stone.
The stone hits you but does no damage.
The satyr plays a lulling melody on his pipes!
You fall asleep.
The harpy claws you!!
You wake up.
The harpy claws you but does no damage.
The merfolk siren chants a haunting song.
You are mesmerised by the merfolk siren!
A faun comes into view. It is wielding a +0 spear.
The merfolk hits you but does no damage.
The merfolk hits you from afar with a +0 spear! x2
The faun shouts!
You struggle against the net.
The harpy screeches!
The harpy claws you but does no damage. x4; The faun shoots a stone.
The stone barely misses you.
The satyr unwields a +0 club.
The satyr wields a +0 longbow.
The satyr shoots an arrow.
The arrow hits you!
* * * LOW HITPOINT WARNING * * *
The merfolk siren hits you but does no damage.
The merfolk hits you from afar with a +0 trident!
* * * LOW HITPOINT WARNING * * *
The merfolk hits you from afar with a +0 spear!
* * * LOW HITPOINT WARNING * * *
The merfolk hits you from afar with a +0 spear!
You die...

≈≈≈≈≈≈≈≈≈≈≈≈≈≈≈
≈≈≈≈≈≈≈≈≈≈≈≈≈≈≈
≈≈.≈≈≈≈≈≈≈≈≈≈≈≈
≈...≈≈≈≈≈≈≈≈≈≈≈
....≈≈≈.....(≈≈
...c≈m..H.....≈
c.............≈
.......@.#
...≈.m.H##
≈≈≈≈≈mm.#
c≈≈≈≈≈≈..
.≈≈≈≈≈..H
...≈≈≈≈..[
....≈≈≈≈..
#...≈≈≈≈≈..


You could see a satyr, 3 merfolk, 2 fauns, a manticore, a merfolk siren
(mesmerising, very poisoned) and 2 harpies.

Vanquished Creatures
  Gastronok (Lair:3)
  Kirke (Lair:6)
  An orc warlord (Orc:1)
  A minotaur (Gauntlet)
  A merfolk impaler (Lair:4)
  13 hydras
  2 boulder beetles (D:12)
  Erolcha (Orc:1)
  5 centaur warriors
  4 ogre magi
  4 tengu warriors
  A death knight (D:13)
  25 two-headed ogres
  5 death yaks
  2 orc high priests
  Sonja (Orc:1)
  A hell knight (Volcano)
  Nergalle (Orc:1)
  A skeletal warrior (D:13)
  A death drake (shapeshifter) (Gauntlet)
  A necromancer (D:15)
  2 wizards (D:15)
  A lindwurm (shapeshifter) (Gauntlet)
  2 harpies (Lair:4)
  7 orc knights
  4 oklob plants (Lair:6)
  4 manticores
  5 orc sorcerers
  4 cyclopes
  15 ugly things
  11 elephants
  4 torpor snails
  4 black mambas
  A rust devil (Gauntlet)
  2 molten gargoyles (Volcano)
  4 gargoyles
  12 cane toads
  2 centaur skeletons (D:15)
  A kobold demonologist (D:10)
  A rime drake (Lair:4)
  4 freezing wraiths
  A yaktaur (D:15)
  2 tengu conjurers
  15 komodo dragons
  An efreet (D:14)
  A merfolk (Lair:4)
  A meliai (shapeshifter) (D:15)
  7 trolls
  9 hornets
  2 polar bears
  Grinder (D:6)
  4 slime creatures (D:12)
  8 dream sheep
  21 blink frogs
  5 wraiths
  12 spriggans (Lair:6)
  2 vampires
  5 wyverns
  A shadow (D:11)
  A ynoxinul (Gauntlet)
  52 yaks
  A fire bat (Volcano)
  A golden eye (shapeshifter) (D:15)
  5 basilisks
  2 hogs (Lair:6)
  8 vampire mosquitoes
  Menkaure (D:6)
  5 wargs
  21 water moccasins
  4 acid dragons
  Pargi (Sewer)
  23 orc warriors
  2 ice beasts
  2 sky beasts
  A hornet zombie (D:8)
  2 necrophages
  36 ogres
  6 black bears
  5 boggarts (Lair:6)
  32 wolves
  8 centaurs
  7 phantoms
  Blork the orc (Orc:2)
  11 bullfrogs
  A gnoll sergeant (D:9)
  A kobold brigand (D:8)
  2 water moccasin zombies (D:5)
  5 scorpions
  2 troll zombies (D:10)
  4 killer bees (D:9)
  A howler monkey (D:8)
  An electric eel (Lair:3)
  5 centaur zombies
  3 lava snakes (Volcano)
  A bullfrog skeleton (D:5)
  A jelly (D:5)
  2 hounds
  13 orc priests
  An iguana (D:4)
  4 iron imps (Gauntlet)
  Jessica (D:3)
  18 orc wizards
  Natasha (thrice) (D:2)
  4 hell rats (Lair:1)
  4 ogre zombies (D:10)
  2 howler monkey zombies
  8 gnolls
  15 adders
  3 river rats (D:3)
  2 shadow imps (D:6)
  A white imp (D:7)
  2 ufetubi
  A worm (D:4)
  A dart slug (D:4)
  63 orcs
  5 ball pythons
  4 endoplasms
  A giant cockroach (D:2)
  6 goblins
  3 hobgoblins
  12 jackals
  3 quokkas
  A bat (shapeshifter) (Gauntlet)
  3 bats
  A frilled lizard (D:2)
  A goblin skeleton (D:10)
  3 hobgoblin skeletons (D:10)
  3 hobgoblin zombies (D:10)
  15 kobolds
  2 orc skeletons (D:10)
  10 orc zombies (D:10)
  7 rats
754 creatures vanquished.

Vanquished Creatures (collateral kills)
  A komodo dragon (Lair:6)
  A hog (Lair:6)
  3 wolves (Lair:6)
5 creatures vanquished.

Vanquished Creatures (others)
  33 fungi
  51 plants
  14 withered plants (Gauntlet)
98 creatures vanquished.

Grand Total: 857 creatures vanquished

Notes
Turn   | Place    | Note
-------+----------+-------------------------------------------
     0 | D:1      | jejorda2 the Merfolk Berserker began the quest for the Orb.
     0 | D:1      | Reached XP level 1. HP: 18/18 MP: 1/1
   598 | D:1      | Reached XP level 2. HP: 21/24 MP: 2/2
   656 | D:2      | Reached skill level 5 in Polearms
   903 | D:2      | Found a faded altar of an unknown god.
   925 | D:2      | Reached XP level 3. HP: 29/29 MP: 3/3
  1274 | D:2      | Noticed Natasha
  1289 | D:2      | Killed Natasha
  1765 | D:2      | Found a faded altar of an unknown god.
  1803 | D:2      | Noticed Natasha
  1818 | D:2      | Killed Natasha
  1819 | D:2      | Reached skill level 6 in Polearms
  1819 | D:2      | Reached XP level 4. HP: 8/37 MP: 4/4
  2218 | D:2      | Noticed Natasha
  2226 | D:2      | Killed Natasha
  2280 | D:3      | Identified a scroll of acquirement
  2280 | D:3      | Acquired a +1 helmet of see invisible
  2361 | D:3      | Found Birueriask's Antique Weapon Shoppe.
  2533 | D:3      | Found Ucref's Book Emporium.
  2534 | D:3      | Found a snail-covered altar of Cheibriados.
  2585 | D:3      | Found a glowing drain.
  2598 | D:3      | Reached XP level 5. HP: 38/42 MP: 5/5
  2604 | D:3      | Reached ** piety under Trog
  2627 | Sewer    | Entered a sewer
  2769 | Sewer    | Noticed Pargi
  2783 | Sewer    | Killed Pargi
  2784 | Sewer    | Reached skill level 7 in Polearms
  2784 | Sewer    | Reached XP level 6. HP: 49/49 MP: 6/6
  2889 | D:3      | Found Milalui's Weapon Boutique.
  3123 | D:3      | Found Wosk's Magic Scroll Boutique.
  3123 | D:3      | Noticed Jessica
  3124 | D:3      | Found Qadas's Magic Scroll Boutique.
  3127 | D:3      | Killed Jessica
  3142 | D:3      | Bought a scroll of magic mapping for 45 gold pieces
  3151 | D:3      | Bought a scroll of fog for 24 gold pieces
  3429 | D:4      | Acquired the +12 bardiche of Harmony {venom, rCorr Int+3}
  3589 | D:4      | Reached skill level 8 in Polearms
  3713 | D:4      | Reached skill level 5 in Fighting
  3713 | D:4      | Reached XP level 7. HP: 56/56 MP: 7/7
  4272 | D:5      | Entered Level 5 of the Dungeon
  4285 | D:5      | Reached skill level 9 in Polearms
  4299 | D:5      | Reached *** piety under Trog
  4364 | D:5      | Reached skill level 10 in Polearms
  4364 | D:5      | Reached XP level 8. HP: 57/64 MP: 8/8
  4433 | D:5      | Reached skill level 11 in Polearms
  4836 | D:6      | Found Querax's Self-Improvement Boutique.
  4949 | D:6      | Reached skill level 12 in Polearms
  5143 | D:6      | Reached XP level 9. HP: 69/69 MP: 9/9
  5162 | D:6      | Noticed Grinder
  5178 | D:6      | Killed Grinder
  5179 | D:6      | Reached skill level 13 in Polearms
  5329 | D:6      | Noticed Menkaure
  5333 | D:6      | Killed Menkaure
  5334 | D:6      | Reached skill level 5 in Armour
  6039 | D:7      | Reached skill level 14 in Polearms
  6287 | D:7      | Reached **** piety under Trog
  6659 | D:7      | Found a staircase to the Ecumenical Temple.
  7072 | D:8      | Noticed a hornet
  7075 | D:8      | Killed a hornet
  7076 | D:8      | Reached skill level 15 in Polearms
  7123 | D:8      | Found Wowavill's Antique Weapon Shop.
  7132 | D:8      | Found Isostrapp's Book Shop.
  7240 | D:8      | Found Uzeik's Weapon Shop.
  7248 | D:8      | Reached XP level 10. HP: 69/76 MP: 10/10
  7502 | D:8      | Reached skill level 16 in Polearms
  7756 | D:8      | Found Lothritu's Armour Shop.
  8021 | D:9      | Reached skill level 17 in Polearms
  8033 | D:9      | Acquired 707 gold pieces
  8100 | D:6      | Bought a manual of Polearms for 960 gold pieces
  8237 | D:9      | Noticed a two-headed ogre
  8243 | D:9      | Killed a two-headed ogre
  8244 | D:9      | Reached skill level 18 in Polearms
  8330 | D:9      | Noticed a gargoyle
  8335 | D:9      | Killed a gargoyle
  8336 | D:9      | Reached skill level 19 in Polearms
  8884 | D:9      | Reached skill level 20 in Polearms
  8969 | D:9      | Identified the +4 scale mail of the Viny Jabberwock {+Blink
                  | rElec}
  9071 | D:10     | Entered Level 10 of the Dungeon
  9168 | D:10     | Found a staircase to the Orcish Mines.
  9184 | D:10     | Reached skill level 1 in Evocations
  9358 | D:10     | Reached XP level 11. HP: 81/81 MP: 11/11
  9457 | D:10     | Reached skill level 21 in Polearms
  9470 | D:10     | Reached ***** piety under Trog
  9617 | D:10     | Noticed a two-headed ogre
  9628 | D:10     | Killed a two-headed ogre
  9629 | D:10     | Reached skill level 22 in Polearms
  9775 | D:10     | Found a staircase to the Lair.
 10155 | D:11     | Found a stormy altar of Qazlal.
 10211 | D:11     | Reached skill level 23 in Polearms
 10805 | Lair:1   | Entered Level 1 of the Lair of Beasts
 10860 | Lair:1   | Reached skill level 24 in Polearms
 10860 | Lair:1   | Reached skill level 5 in Evocations
 10864 | Lair:1   | Identified the +7 glaive of Ceiset {vorpal, rN++} (Trog
                  | gifted it to you on level 1 of the Lair of Beasts)
 10864 | Lair:1   | Received a gift from Trog
 11223 | Lair:1   | Reached XP level 12. HP: 89/89 MP: 12/12
 11422 | Lair:1   | Noticed a four-headed hydra
 11435 | Lair:1   | Killed a four-headed hydra
 11637 | Lair:1   | Reached skill level 5 in Dodging
 11720 | Lair:1   | Noticed an eight-headed hydra
 11732 | Lair:1   | Killed a nine-headed hydra
 12073 | Lair:1   | Identified the +3 rapier "Vuquscha" {vorpal, rF+++ Will-
                  | Str+2 Dex-2}
 12241 | Lair:2   | Found a dark tunnel.
 12427 | Volcano  | Entered a volcano
 12700 | Volcano  | Found a bloodstained altar of Trog.
 12700 | Volcano  | Noticed a two-headed ogre
 12700 | Volcano  | Noticed an ogre mage
 12700 | Volcano  | Noticed a two-headed ogre
 12700 | Volcano  | Noticed a two-headed ogre
 12706 | Volcano  | Killed a two-headed ogre
 12710 | Volcano  | Killed a two-headed ogre
 12712 | Volcano  | Killed a two-headed ogre
 12714 | Volcano  | Killed an ogre mage
 12752 | Volcano  | Noticed a two-headed ogre
 12754 | Volcano  | Killed a two-headed ogre
 12876 | Volcano  | Noticed a hell knight
 12879 | Volcano  | Killed a hell knight
 13245 | Lair:2   | Identified the +4 chain mail of Time Monsters {rElec}
 13367 | Lair:2   | Found a hazy altar of Hepliaklqana.
 13439 | Lair:2   | Reached XP level 13. HP: 97/101 MP: 13/13
 14028 | Lair:3   | Noticed Gastronok
 14047 | Lair:3   | Killed Gastronok
 14423 | Lair:3   | Reached skill level 10 in Fighting
 14613 | Lair:3   | Found a staircase to the Snake Pit.
 14713 | Lair:3   | Reached skill level 10 in Dodging
 16110 | Lair:4   | Received a gift from Trog
 16194 | Lair:4   | Reached XP level 14. HP: 111/111 MP: 14/14
 16218 | Lair:4   | Found a staircase to the Shoals.
 16589 | Lair:5   | Identified the +7 scythe of Imminent Death {vorpal, Fly
                  | Will+ Str-3}
 17407 | Lair:6   | Entered Level 6 of the Lair of Beasts
 17412 | Lair:6   | Found a staircase to the Slime Pits.
 17463 | Lair:6   | Reached skill level 10 in Armour
 17517 | Lair:6   | Noticed Kirke
 17534 | Lair:6   | Killed Kirke
 18475 | Lair:6   | Reached XP level 15. HP: 90/120 MP: 15/15
 19242 | Orc:1    | Entered Level 1 of the Orcish Mines
 19252 | Orc:1    | Noticed Sonja
 19261 | Orc:1    | Reached skill level 1 in Throwing
 19409 | Orc:1    | Killed Sonja
 19656 | Orc:1    | Reached ****** piety under Trog
 19777 | Orc:1    | Noticed Erolcha
 19789 | Orc:1    | Reached skill level 5 in Throwing
 19792 | Orc:1    | Received a gift from Trog
 19798 | Orc:1    | Killed Erolcha
 19943 | Orc:1    | Noticed Nergalle
 19944 | Orc:1    | Found a runed translucent gate.
 19944 | Orc:1    | Found a runed translucent gate.
 19944 | Orc:1    | Found a runed translucent gate.
 19947 | Orc:1    | Killed Nergalle
 19951 | Orc:1    | Noticed KennySheep's ghost (journeyman DEEE)
 20134 | Orc:2    | Entered Level 2 of the Orcish Mines
 20537 | Orc:2    | Noticed Blork the orc
 20690 | Orc:2    | Killed Blork the orc
 20897 | Orc:2    | Noticed an orc warlord
 20919 | Orc:1    | Killed an orc warlord
 20984 | Orc:2    | Paralysed by an orc sorcerer for 7 turns
 21155 | Orc:2    | Found Korr's Jewellery Shoppe.
 21177 | Orc:2    | Found Ofiddyit's Antique Armour Shoppe.
 21185 | Orc:2    | Found Usikots's General Store.
 21303 | Orc:2    | Found a staircase to the Elven Halls.
 21397 | Orc:2    | Found Engo's Antique Weapon Shoppe.
 21543 | Orc:2    | Received a gift from Trog
 21756 | Orc:2    | Bought an ancient chain mail for 294 gold pieces
 21756 | Orc:2    | Identified the +1 chain mail of Happy Babbling {rElec rF+
                  | Regen+} (You bought it in a shop on level 2 of the Orcish
                  | Mines)
 21957 | D:12     | You fall into a shaft and drop 3 floors!
 21957 | D:15     | Entered Level 15 of the Dungeon
 22577 | D:15     | Reached skill level 10 in Throwing
 22727 | D:15     | Reached XP level 16. HP: 123/127 MP: 16/16
 23067 | D:15     | Received a gift from Trog
 23113 | D:15     | Found a staircase to the Depths.
 24887 | D:13     | Found a gate leading to a gauntlet.
 24898 | Gauntlet | Entered a Gauntlet
 24898 | Gauntlet | Found a transporter.
 24908 | Gauntlet | Found a transporter.
 24923 | Gauntlet | Found a transporter.
 24925 | Gauntlet | Found a large runed translucent door.
 24926 | Gauntlet | Found a large runed translucent door.
 24927 | Gauntlet | Found a large runed translucent door.
 24927 | Gauntlet | Found a large runed translucent door.
 24927 | Gauntlet | Found a runed translucent door.
 24928 | Gauntlet | Found a transporter.
 24929 | Gauntlet | Found a runed translucent door.
 24930 | Gauntlet | Found a large runed translucent door.
 24930 | Gauntlet | Found a large runed translucent door.
 24931 | Gauntlet | Found a large runed translucent door.
 24932 | Gauntlet | Found a large runed translucent door.
 24938 | Gauntlet | Found a large runed translucent door.
 24938 | Gauntlet | Found a large runed translucent door.
 24939 | Gauntlet | Found a large runed translucent door.
 24939 | Gauntlet | Found a large runed translucent door.
 24940 | Gauntlet | Found a large runed translucent door.
 24940 | Gauntlet | Found a large runed translucent door.
 24941 | Gauntlet | Found a runed translucent gate.
 24941 | Gauntlet | Found a runed translucent gate.
 24941 | Gauntlet | Found a runed translucent gate.
 24943 | Gauntlet | Found a transporter.
 24952 | Gauntlet | Found the +3 pair of seven-league boots {Rampage+∞}
 24953 | Gauntlet | Found a large runed translucent door.
 24954 | Gauntlet | Found a large runed translucent door.
 24965 | Gauntlet | Found a transporter.
 24974 | Gauntlet | Found a transporter.
 24980 | Gauntlet | Found a transporter.
 24995 | Gauntlet | Found a transporter.
 25009 | Gauntlet | Found a transporter.
 25015 | Gauntlet | Found a transporter.
 25015 | Gauntlet | Found a transporter.
 25030 | Gauntlet | Found a transporter.
 25049 | Gauntlet | Found a transporter.
 25066 | Gauntlet | Found a transporter.
 25093 | Gauntlet | Found a transporter.
 25093 | Gauntlet | Found a transporter.
 25113 | Gauntlet | Found a transporter.
 25534 | Gauntlet | Identified the +8 rapier "Kuog" {drain, rPois Int-3 Dex+6}
 26610 | D:13     | Found a gate to the Vaults.
 27856 | Shoals:1 | Entered Level 1 of the Shoals
 28227 | Shoals:1 | HP: 5/129 [merfolk (11)]
 28227 | Shoals:1 | Slain by a merfolk

Illustrated notes

Levels and vault maps discovered:
D:1:      ncdulo_smallfort, layout_loops_ring
D:2:      layout_basic, shapermc_ecumenical_altar_mp_urbaneastern, st_stairs_12,
          uniq_natasha
D:3:      layout_basic, overflow_temple_1_default, portal_sewer_entry_b,
          serial_shops, nicolae_square_shop, nicolae_shop_behind_doors,
          nicolae_shop_behind_doors, nicolae_shop_competitors_out_of_business,
          shop, uniq_jessica
D:4:      layout_basic
D:5:      layout_rooms
D:6:      layout_basic, minmay_misc_feat_doors, grunt_ministairs_11,
          st_stairs_3, hex_medium, minivault_24, nicolae_shop_self_help,
          uniq_menkaure, uniq_grinder
D:7:      layout_loops_ring, lemuel_temple_firewalk_b, serial_park_tiny_2,
          kennysheep_minor_cross
D:8:      layout_loops_ring, serial_shops, nicolae_shop_advertising_works
          [nicolae_subvault_shop_adworks], nicolae_square_shop,
          kennysheep_little_box, shop_coins
D:9:      layout_loops_ring, kennysheep_crisscross, st_stairs_9
D:10:     layout_irregular_city, dpeg_oklobed_lair, zombieorc1_lemuel
D:11:     layout_roguey, grunt_qazlal_clouds
D:12:     layout_roguey
D:13:     layout_cave_pods, david_vaults_1, gauntlet_entry_generic,
          kennysheep_small_circle
D:14:     layout_stronghold
D:15:     grunt_enter_depths_magical_seal, layout_gridville, nrook_uturn
Lair:1:   layout_long_grid, grunt_megastairs_2
Lair:2:   minmay_lair_venomous_thicket, layout_concentric_octagons, basic_altar,
          nicolae_volcano_entry_hallway, beast_lair_carwin_3
Lair:3:   layout_concentric_octagons, dummy_snake_entry,
          infiniplex_staircase_pool, grunt_megastairs_5, serial_bayou_shore_a,
          serial_bayou_shore_b, serial_bayou_shore_b, lemuel_fruit_tree,
          uniq_gastronok
Lair:4:   layout_gridlike, elwin_shoals_entry_rocks
Lair:5:   layout_layer_cave
Lair:6:   minmay_lair_end_enchanted_forest, layout_regular_city,
          minmay_slime_entry_oklob_open, infiniplex_staircase_pool_2, uniq_kirke
Shoals:1: layout_shoals
Orc:1:    lemuel_ogre_cave, layout_caves, gammafunk_ghost_necromancy,
          uniq_sonja, uniq_nergalle
Orc:2:    grunt_orc_cross, layout_caves, nicolae_orc_stony_grotto

Skill      XL: |  1  2  3  4  5  6  7  8  9 10 11 12 13 14 15 16 |
---------------+-------------------------------------------------+-----
Polearms       | 5 6 7 8 10 12 15 20 24 | 24.0
Fighting       | 4 5 6 9 10 11 12 | 12.8
Armour         | 2 3 4 5 6 7 9 10 11 | 11.8
Evocations     | 1 6 7 9 |  9.0
Dodging        | 3 8 10 12 13 | 13.4
Throwing       | 10 13 | 13.1

Action                   |  1- 3 |  4- 6 |  7- 9 | 10-12 | 13-15 | 16-18 || total
-------------------------+-------+-------+-------+-------+-------+-------++-------
Melee: Spear             |    13 |       |       |       |       |       ||    13
       Whip              |    66 |    85 |       |       |       |       ||   151
       Tailslap          |       |     1 |       |       |       |       ||     1
       Bardiche          |       |    15 |   150 |   397 |   834 |   314 ||  1710
       Trident           |       |       |       |     8 |       |       ||     8
       Glaive            |       |       |       |       |    46 |       ||    46
Throw: Dart              |     1 |       |       |    10 |    93 |     3 ||   107
       Stone             |       |       |       |    19 |       |       ||    19
Invok: Berserk           |       |     1 |     1 |     7 |     5 |     1 ||    15
       Trog's Hand       |       |       |     1 |     4 |     4 |       ||     9
       Brothers in Arms  |       |       |       |       |     2 |       ||     2
Evoke: Lightning rod     |       |       |       |       |     4 |       ||     4
  Use: Scroll            |       |     8 |     6 |     8 |     3 |     5 ||    30
       Potion            |       |       |       |       |     1 |       ||     1
 Stab: Distracted        |       |       |       |       |     1 |     1 ||     2
       Invisible         |       |       |       |       |     2 |       ||     2
Armor: Leather armour    |     4 |       |       |       |       |       ||     4
       Animal skin       |     1 |       |       |       |       |       ||     1
       Ring mail         |     3 |    34 |       |       |       |       ||    37
       Scale mail        |       |    13 |    45 |    66 |   237 |   146 ||   507
       Chain mail        |       |       |     7 |    36 |       |       ||    43
Dodge: Dodged            |    42 |    65 |    42 |   107 |   428 |   196 ||   880

Table legend: (Time is in decaauts)
 A = Elapsed time spent in this place.
 B = Non-inter-level travel time spent in this place.
 C = Inter-level travel time spent in this place.
 D = Time resting spent in this place.
 E = Time spent auto-exploring this place.
 F = Levels seen in this place.
 G = Mean time per level.
                   A        B        C        D        E       F      G
               +--------+--------+--------+--------+--------+-----+--------+
         Total |  27973 |  26728 |   1245 |   2414 |  19972 |  27 | 1036.0 |
       Dungeon |  16018 |  15213 |    805 |    770 |  12304 |  15 | 1067.9 |
          Lair |   8104 |   7738 |    366 |   1047 |   5553 |   6 | 1350.7 |
        Shoals |     13 |     13 |      0 |      0 |      0 |   1 |   13.0 |
  Orcish Mines |   2341 |   2268 |     73 |    249 |   1580 |   2 | 1170.5 |
         Sewer |    242 |    242 |      0 |     44 |    153 |   1 |  242.0 |
       Volcano |    583 |    583 |      0 |    242 |     96 |   1 |  583.0 |
      Gauntlet |    669 |    669 |      0 |     60 |    284 |   1 |  669.0 |
               +--------+--------+--------+--------+--------+-----+--------+

Top non-repeatable levels by time:
  Lair:6: 1603 daAuts
  Lair:4: 1533 daAuts
    D:14: 1528 daAuts
  Lair:1: 1469 daAuts
   Orc:1: 1425 daAuts
    D:15: 1374 daAuts
    D:13: 1362 daAuts
  Lair:3: 1307 daAuts
     D:2: 1295 daAuts
    D:10: 1258 daAuts
  Lair:2: 1205 daAuts
     D:6: 1202 daAuts
     D:9: 1194 daAuts
     D:7: 1098 daAuts
  Lair:5: 986 daAuts
